 Dungeon Crawl Stone Soup version 0.30-a0-748-ge6a52f7cba (webtiles) character file.

Game seed: 6467330256429741055

57 JumpingJurisdiction the Stinger (level 3, -3/26 HPs)
             Began as a Draconian Venom Mage on Feb 8, 2023.
             Slain by a gnoll
             ... wielding a +0 flail
              (9 damage)
             ... on level 3 of the Dungeon.
             The game lasted 00:26:26 (2059 turns).

JumpingJurisdiction the Stinger (DrVM)              Turns: 2059, Time: 00:26:27

Health: -3/26      AC:  5    Str: 12    XL:     3   Next: 73%
Magic:  6/6        EV: 12    Int: 15    God:
Gold:   99         SH:  0    Dex: 11    Spells: 5/6 levels left

rFire   . . .      SeeInvis .    g - +1 mace (drain)
rCold   . . .      Faith    .    (no shield)
rNeg    . . .      Spirit   .    (body armour unavailable)
rPois   .          Reflect  .    (helmet restricted)
rElec   .          Harm     .    (no cloak)
rCorr   .          Rampage  .    (no gloves)
Will    .....                    (no boots)
Stlth   +                        (no amulet)
HPRegen 0.24/turn                (no ring)
MPRegen 0.10/turn                (no ring)

@: attractive, very slow
A: AC +5, unfitting armour, cold-blooded
a: no special abilities


You were on level 3 of the Dungeon.
You visited 1 branch of the dungeon, and saw 3 of its levels.

You collected 99 gold pieces.

Inventory:

Hand Weapons
 b - a +0 short sword
 g - a +1 mace of draining (weapon)
Armour
 d - a +0 leather armour
 j - a +0 helmet
 m - the +0 leather armour of Restlessness {Rampage rElec rC+ Stlth+}
   (You found it on level 3 of the Dungeon)

   rC:        It protects you from cold.
   rElec:     It insulates you from electricity.
   Rampage:   It bestows one free step when moving towards enemies.
   Stlth:     It makes you more stealthy.
Scrolls
 c - a scroll of identify
 h - a scroll of amnesia
 i - a scroll of enchant armour {unknown}
 k - a scroll of magic mapping {unknown}
 l - a scroll of poison {unknown}
Potions
 a - 2 potions of magic
 e - a potion of attraction
 f - a potion of curing {unknown}


   Skills:
 + Level 0.6 Maces & Flails
 + Level 2.2 Dodging
 + Level 2.3 Stealth
 + Level 2.3 Spellcasting
 + Level 1.7 Transmutations
 + Level 3.3 Poison Magic


You had 5 spell levels left.
You knew the following spells:

 Your Spells              Type           Power      Damage    Failure   Level
a - Sting                 Tmut/Pois      36%        1d4       8%          1

Your spell library contained the following spells:

 Spells                   Type           Power      Damage    Failure   Level
 Poisonous Vapours        Pois/Air       12%        N/A       16%         2
 Mephitic Cloud           Conj/Pois/Air  5%         N/A       38%         3
 Olgreb's Toxic Radiance  Pois           11%        N/A       47%         4


Dungeon Overview and Level Annotations

Branches:
Dungeon (3/15)

Altars:


Innate Abilities, Weirdness & Mutations

Your plain brown scales are hard. (AC +5)
You cannot fit into any form of body armour.
You are cold-blooded and may be slowed by cold attacks.


Message History

The plant is lightly damaged.
You hit the plant.
The plant begins to die.
You drain the plant.
You tail-slap the plant, but do no damage.
The plant is lightly damaged.
The gnoll hits you with a +0 flail! The gnoll hits you with a +0 club.
You hit the plant.
The plant is lightly damaged.
A nearby plant withers and dies.
The gnoll misses you. The gnoll completely misses you.
The gnoll hits the plant with a +0 club!
The plant begins to die.
You enter the shallow water.
Moving in this stuff is going to be slow.
The gnoll attacks as you move away! The gnoll closely misses you.
A nearby plant withers and dies.
The gnoll hits the plant with a +0 club!
The plant begins to die.
The gnoll attacks as you move away! The gnoll hits you with a +0 flail.
The gnoll attacks as you move away!
The gnoll splashes around in the water.
A nearby plant withers and dies.
Char dumped successfully.
It was a potion of attraction.
You feel attractive to monsters. The gnoll closely misses you.
A nearby plant withers and dies.
You hit the gnoll.
The gnoll is heavily wounded.
The gnoll barely misses you. The gnoll closely misses you.
The gnoll completely misses you. The gnoll hits you but does no damage.
Your unstable footing causes you to fumble your attack.
The gnoll splashes around in the water. x2
Your unstable footing causes you to fumble your attack.
The gnoll hits you with a +0 flail.
* * * LOW HITPOINT WARNING * * *
The gnoll misses you. The gnoll closely misses you.
As you read the scroll labelled JUUGOO HIOTAF, it crumbles to dust.
It is a scroll of identify.
h - a scroll of amnesia The gnoll hits you with a +0 flail!
You die...

#.#
#.............####
.
#....P~P~..>.....P
#....P~~~P....##P
#....PPP~.....#
#....P~P~PP...#
#.....~P♣~....# ~
#.....~~~~~P..#PP≈
#......~~ggg..~.~~
#######~P♣@P~~PP♣♣
##PP♣PPPP~≈~
#PP~♣♣P♣≈♣~.
##~~~~♣≈≈~..#
#P.~≈♣♣♣P..#
#..~~≈~ P #.PP~~~
#.


You could see 3 gnolls.

Vanquished Creatures
  An adder (D:2)
  2 worms (D:2)
  A dart slug (D:1)
  4 ball pythons
  5 bats
  2 endoplasms (D:1)
  A giant cockroach (D:2)
  A goblin (D:1)
  7 hobgoblins
  3 kobolds
  A quokka (D:2)
  3 frilled lizards
  10 rats
41 creatures vanquished.

Vanquished Creatures (others)
  7 plants (D:3)
7 creatures vanquished.

Grand Total: 48 creatures vanquished

Notes
Turn   | Place    | Note
-------+----------+-------------------------------------------
     0 | D:1      | JumpingJurisdiction the Draconian Venom Mage began the
                  | quest for the Orb.
     0 | D:1      | Reached XP level 1. HP: 14/14 MP: 3/3
   203 | D:1      | Reached XP level 2. HP: 20/20 MP: 5/5
   845 | D:2      | Reached XP level 3. HP: 8/26 MP: 6/6
  2026 | D:3      | Identified the +0 leather armour of Restlessness {Rampage
                  | rElec rC+ Stlth+}
  2059 | D:3      | Slain by a gnoll

Illustrated notes

Levels and vault maps discovered:
D:1:      dpeg_arrival_prison, layout_basic
D:2:      layout_loops_cross
D:3:      layout_basic, mainiacjoe_overflow_boulevard, serial_bayou,
          serial_bayou_lagoon_b, serial_bayou_lagoon_a, serial_bayou_crossing,
          serial_bayou_shore_b, nicolae_titane

Skill      XL: |  1  2 |
---------------+-------+-----
Stealth        | 2 |  2.3
Dodging        | 2 |  2.2
Maces & Flails | |  0.6
Spellcasting   | |  2.3
Transmutations | |  1.7
Poison Magic   | |  3.3

Action                     || total
---------------------------++-------
  Melee: Short sword       ||    83
         Tailslap          ||     9
         Unarmed           ||     1
         Mace              ||    60
         Punch             ||     1
    Use: Scroll            ||     1
         Potion            ||     1
   Stab: Sleeping          ||     1
 Armour: Skin              ||    40
  Dodge: Dodged            ||   105

Table legend: (Time is in decaauts)
 A = Elapsed time spent in this place.
 B = Non-inter-level travel time spent in this place.
 C = Inter-level travel time spent in this place.
 D = Time resting spent in this place.
 E = Time spent auto-exploring this place.
 F = Levels seen in this place.
 G = Mean time per level.
                   A        B        C        D        E       F      G
               +--------+--------+--------+--------+--------+-----+--------+
         Total |   2084 |    860 |   1224 |    422 |      0 |   3 |  694.7 |
       Dungeon |   2084 |    860 |   1224 |    422 |      0 |   3 |  694.7 |
               +--------+--------+--------+--------+--------+-----+--------+

Top non-repeatable levels by time:
     D:2: 1314 daAuts
     D:1: 712 daAuts
     D:3: 57 daAuts
